 Dungeon Crawl Stone Soup version 0.25-a0-591-g2ad0d86 (webtiles) character file.

Game seed: 14737835590664303316, levelgen mode: deterministic

158 Auros the Changer (level 5, 0/40 HPs)
             Began as a Draconian Transmuter on Mar 14, 2020.
             Succumbed to an orc warrior's poison
             ... on level 3 of the Dungeon.
             The game lasted 00:16:38 (3251 turns).

Auros the Changer (Draconian Transmuter)            Turns: 3251, Time: 00:16:39

Health: 0/40       AC:  5    Str: 12    XL:     5   Next: 16%
Magic:  8/8        EV: 12    Int: 15    God:
Gold:   62         SH:  0    Dex: 11    Spells: 4/8 levels left

rFire    x . .     SeeInvis .     - Unarmed
rCold    + . .     Gourm    .   (no shield)
rNeg     . . .     Faith    .   (armour unavailable)
rPois    .         Spirit   .   (helmet restricted)
rElec    .         Reflect  .   (no cloak)
rCorr    .         Harm     .   (no gloves)
MR       .....                  (no boots)
Stlth    +.........             g - amulet of magic regeneration
HPRegen  0.13/turn              t - ring of ice
MPRegen  0.36/turn              (no ring)

@: brilliant, lethally poisoned (0 -> -7)
A: unfitting armour, cold-blooded, AC +5
a: no special abilities


You were on level 3 of the Dungeon.
You were hungry.

You visited 1 branch of the dungeon, and saw 4 of its levels.

You collected 62 gold pieces.

Inventory:

Missiles
 a - 96 arrows
 e - 12 sling bullets
 j - 18 bolts
 s - 2 throwing nets
 Z - 70 stones (quivered)
Jewellery
 g - an amulet of magic regeneration (around neck)
 t - a ring of ice (left hand)
Scrolls
 b - a scroll of fog {unknown}
 c - 2 scrolls of remove curse
 d - a scroll of noise {unknown}
 f - a scroll of magic mapping
 i - a scroll of identify
 k - a scroll of enchant armour {unknown}
 l - a scroll of random uselessness {unknown}
 o - a scroll of teleportation {unknown}
Comestibles
 z - 5 rations


   Skills:
 - Level 1.2 Fighting
 - Level 1.8 Dodging
 - Level 3.0 Unarmed Combat
 - Level 2.0 Spellcasting
 + Level 5.0 Transmutations
 - Level 1.1 Poison Magic


You had 4 spell levels left.
You knew the following spells:

 Your Spells              Type           Power        Failure   Level  Hunger
a - Beastly Appendage     Tmut           ####..       2%          1    None
b - Spider Form           Tmut/Pois      ###.......   19%         3    None

Your spell library contained the following spells:

 Spells                   Type           Power        Failure   Level  Hunger
 Sticks to Snakes         Tmut           ####....     4%          2    None
 Ice Form                 Ice/Tmut       ###.....     61%         4    None
 Blade Hands              Tmut           ####......   58%         5    None


Dungeon Overview and Level Annotations

Branches:
Dungeon (4/15)
 Temple: D:4-7

Altars:

Annotations:
D:3 Sigmund


Innate Abilities, Weirdness & Mutations

Your plain brown scales are hard. (AC +5)
You cannot fit into any form of body armour.
You are cold-blooded and may be slowed by cold attacks.


Message History

p - 2 scrolls of remove curse;
c - 2 scrolls of remove curse
i - a scroll of identify;
d - a scroll labeled RECISTIXOO
* * * LOW HITPOINT WARNING * * *
You feel sick.
The orc warrior throws a poisoned dart.
The poisoned dart hits you.
You are more poisoned.
The iguana barely misses you.
You aren't carrying any potions.
As you read the scroll labeled WYDEFO IDEU, it crumbles to dust.
You feel aware of your surroundings.
You sensed 1 altar.
It was a scroll of magic mapping.
* * * LOW HITPOINT WARNING * * *
You feel sick. The iguana completely misses you.
As you read the scroll labeled APPYNK QIAMOCA, it crumbles to dust.
You assume a fearsome visage.
The iguana looks frightened!
The orc priest looks frightened!
It was a scroll of fear.
As you read the scroll labeled BILENU TURO, it crumbles to dust.
The creatures around you are filled with an inner flame!
It was a scroll of immolation.
You die...

###*### ********########..,..#
,,,,**,,.........#*#.#
,,,,,,,,.........# #.#
,**,**,,.....##..###.###########
,,,,,,,,.......l.@.............#
,**,**,,,)...#.(##..##########.####
,**,**,,,.,,,#..##.o###### #.....
,**,**,,,,,,,#.......^...# #..###
,**,,,,,,,***##.>.....<<.#####..#
,*#.#****** ###.o)............#
#*#.# #...####.#####..# # #.# #...#
##.## #..## ###.##
#..o###.#.####...#


You could see an orc warrior (inner flame), an iguana (inner flame) and an orc
priest (inner flame).

Vanquished Creatures
  A scorpion (D:4)
  5 adders
  2 oozes
  A worm (D:2)
  A dart slug (D:1)
  A leopard gecko (D:1)
  An orc (D:3)
  2 ball pythons
  4 bats
  3 giant cockroaches
  9 goblins
  3 hobgoblins
  A quokka (D:3)
  2 frilled lizards
  8 kobolds
  9 rats
53 creatures vanquished.

Notes
Turn   | Place    | Note
-------+----------+-------------------------------------------
     0 | D:1      | Auros the Draconian Transmuter began the quest for the Orb.
     0 | D:1      | Reached XP level 1. HP: 16/16 MP: 3/3
     0 | D:1      | Noticed a naga
     1 | D:1      | Noticed a human
     3 | D:1      | Noticed a human
    10 | D:1      | Noticed a vampire
    10 | D:1      | Noticed a troll
    12 | D:1      | Noticed a felid
    12 | D:1      | Noticed a felid
    13 | D:1      | Noticed a gargoyle
    14 | D:1      | Noticed a troll
    14 | D:1      | Noticed a ghoul
    16 | D:1      | Noticed a dwarf
    16 | D:1      | Noticed a vampire
    16 | D:1      | Noticed a naga
    18 | D:1      | Noticed a draconian
    20 | D:1      | Noticed a gargoyle
   225 | D:1      | Reached XP level 2. HP: 23/23 MP: 3/5
   720 | D:1      | Reached skill level 3 in Transmutations
   834 | D:1      | Reached XP level 3. HP: 13/28 MP: 6/6
   839 | D:1      | Learned a level 3 spell: Spider Form
  1794 | D:2      | Reached skill level 1 in Poison Magic
  1844 | D:3      | Reached XP level 4. HP: 28/35 MP: 2/7
  2016 | D:3      | Reached skill level 4 in Transmutations
  2540 | D:3      | Noticed Sigmund
  2822 | D:4      | Reached skill level 5 in Transmutations
  2822 | D:4      | Reached XP level 5. HP: 12/40 MP: 8/8
  2843 | D:4      | HP: 2/40 [poisoned by a scorpion]
  3241 | D:3      | Noticed an orc warrior
  3248 | D:3      | HP: 2/40 [poisoned by an orc warrior]
  3251 | D:3      | Succumbed to an orc warrior's poison

Levels and vault maps discovered:
D:1:      shiori_arrival_whats_in_store_for_you, layout_loops_ring
D:2:      layout_basic, first_ration, serial_glass, glass_columns_a,
          glass_columns_a, item_on_display_a
D:3:      layout_loops_ring, tgw_trog, uniq_sigmund
D:4:      layout_basic, nicolae_overflow_crystal_walls, serial_shops, shop,
          uniq_natasha

Skill      XL: |  1  2  3  4 |
---------------+-------------+-----
Transmutations | 3 5 |  5.0
Poison Magic   | 1 |  1.1
Fighting       | |  1.2
Dodging        | |  1.8
Unarmed Combat | |  3.0
Spellcasting   | |  2.0

Action                   |  1- 3 |  4- 6 || total
-------------------------+-------+-------++-------
Melee: Unarmed           |   118 |    55 ||   173
       Tailslap          |     9 |     6 ||    15
       Kick              |     7 |     7 ||    14
       Punch             |     3 |       ||     3
       Headbutt          |     1 |     1 ||     2
Throw: Stone             |       |     1 ||     1
 Cast: Beastly Appendage |    11 |     6 ||    17
       Spider Form       |     3 |     3 ||     6
  Use: Scroll            |       |     4 ||     4
       Potion            |       |     3 ||     3
 Stab: Sleeping          |     1 |       ||     1
  Eat: Chunk             |     4 |     4 ||     8
Armor: Skin              |    33 |    10 ||    43
Dodge: Dodged            |    73 |    35 ||   108

Table legend:
 A = Non-vault XP
 B = Vault XP
 C = Vault XP percentage of total XP
 D = Non-vault monster count
 E = Vault monster count
 F = Vault count percentage of total count
                 A         B        C        D         E       F
            +---------+---------+-------+---------+---------+-------
      Total |     227 |       0 |   0.0 |      53 |       0 |   0.0
            +---------+---------+-------+---------+---------+-------
        D:1 |      46 |       0 |   0.0 |      22 |       0 |   0.0
        D:2 |      45 |       0 |   0.0 |      15 |       0 |   0.0
        D:3 |      54 |       0 |   0.0 |      13 |       0 |   0.0
        D:4 |      82 |       0 |   0.0 |       3 |       0 |   0.0
            +---------+---------+-------+---------+---------+-------
